 Dungeon Sprint DCSS version 0.19-a0-1682-g5114f93 (webtiles) character file.

23 Saways the Covered (level 2, -6/45 HPs)
             Began as a Deep Dwarf Fighter on Sept 24, 2016.
             Was an Initiate of Makhleb.
             Mangled by a hill giant
             ... wielding a +0 giant club
              (14 damage)
             ... in the Dungeon (Sprint IX: "|||||||||||||||||||||||||||||").
             The game lasted 00:00:36 (137 turns).

Saways the Covered (Deep Dwarf Fighter)              Turns: 137, Time: 00:00:37

Health: -6/45      AC: 14    Str: 24    XL:     2   Next: 75%
Magic:  2/2        EV:  6    Int: 11    God:    Makhleb [......]
Gold:   0          SH: 10    Dex: 12    Spells: 0 memorised, 1 level left

rFire  . . .     SeeInvis .     q - +2 scimitar (holy)
rCold  . . .     Gourm    .     s - +1 chain mail
rNeg   . . .     Faith    .     c - +0 shield
rPois  .         Spirit   .     (no helmet)
rElec  .         Dismiss  .     r - +0 cloak
rCorr  .         Reflect  .     (no gloves)
MR     .....     Harm     .     (no boots)
Stlth  .......... NoTele   +    (no amulet)
                                t - +3 ring of intelligence
                                u - +2 ring of protection

@: berserking, very slightly contaminated, non-regenerating, invisible, very
quick
A: damage resistance, recharge devices, sense surroundings 1, slow regeneration
3
a: Device Recharging, Renounce Religion


You were in the Dungeon.
You worshipped Makhleb.
Makhleb was noncommittal.
You were not hungry.

You visited 1 branch

Inventory:

Hand Weapons
 a - a +0 long sword
 q - a +2 scimitar of holy wrath (weapon)
Armour
 b - a +0 scale mail
 c - a +0 shield (worn)
 r - a +0 cloak (worn)
 s - a +1 chain mail (worn)
Jewellery
 t - a +3 ring of intelligence (right hand)
 u - a +2 ring of protection (left hand)
Wands
 e - a wand of heal wounds (5/9)
 p - a wand of lightning (7/15)
Scrolls
 l - 2 scrolls of blinking
 n - 3 scrolls of remove curse
 o - 2 scrolls of amnesia
Potions
 d - a potion of might
 g - 5 potions of curing
 h - 3 potions of heal wounds
 i - a potion of haste
 j - 4 potions of magic
Comestibles
 f - a bread ration


   Skills:
 + Level 3.8 Fighting
 * Level 3.1 Long Blades
 + Level 4.4 Armour
 + Level 0.4 Dodging
 + Level 4.4 Shields


You had one spell level left.
You didn't know any spells.

Dungeon Overview and Level Annotations

Branches:
Dungeon (1/1)

Altars:
Cheibriados
Dithmenos
Elyvilon
Fedhas
Gozag
Hepliaklqana
Kikubaaqudgha
Makhleb
Nemelex Xobeh
Okawaru
Qazlal
Ru
Sif Muna
Trog
Uskayaw
Vehumet
Xom
Yredelemnul
Zin
The Shining One
Beogh
Jiyva
Lugonu


Innate Abilities, Weirdness & Mutations

You are resistant to damage.
You can recharge devices by infusing magical energy.
You passively map a small area around you.
You do not regenerate.


Message History

You are very lightly contaminated with residual magic.
A red film seems to cover your vision as you go berserk!
You feel yourself moving faster!
You feel mighty!
The hill giant hits you but does no damage.
You slash the hill giant!
The hill giant is moderately wounded.
The sky beast flickers out of sight!
Deactivating autopickup; reactivate with Ctrl-A.
The hill giant hits you with a giant club!
* * * LOW HITPOINT WARNING * * *
You hit the hill giant.
The hill giant is moderately wounded.
You slash the hill giant!
The hill giant is severely wounded.
The hill giant barely misses you.
Unknown command.
You slash the hill giant!
The hill giant is almost dead.
The hill giant hits you with a giant club!
You die...

, ∩ , , , * ** * , , , *
* ** * * * , , , * ** *
** * * * , ,, ,,,
▓▓▓▓▓▓▓▓▓▓▓▓▓▓▓▓▓▓▓▓▓▓▓▓
______.'..|).[..@ClZCY{.
▓▓▓▓▓▓▓▓▓▓▓▓▓▓▓▓▓▓▓▓▓▓▓▓*


You could see 2 hill giants, a komodo dragon, an ice beast and a giant cockroach
zombie.

Vanquished Creatures
  A shadow imp (D)
  An adder skeleton (D)
  A worm (D)
  A bat skeleton (D)
  A bat zombie (D)
  2 giant cockroaches (D)
  A goblin (D)
  A jackal (D)
  A bat (D)
10 creatures vanquished.

Notes
Turn   | Place    | Note
-------+----------+-------------------------------------------
     0 | D        | Saways the Deep Dwarf Fighter began the quest for the Orb.
     0 | D        | Reached XP level 1. HP: 20/20 MP: 1/1
    40 | D        | Reached XP level 2. HP: 17/28 MP: 2/2
    67 | D        | Found a roughly hewn altar of Beogh.
    67 | D        | Found a snail-covered altar of Cheibriados.
    67 | D        | Found a shadowy altar of Dithmenos.
    67 | D        | Found a white marble altar of Elyvilon.
    67 | D        | Found a blossoming altar of Fedhas.
    67 | D        | Found an opulent altar of Gozag.
    68 | D        | Found a hazy altar of Hepliaklqana.
    69 | D        | Found a viscous altar of Jiyva.
    70 | D        | Found an ancient bone altar of Kikubaaqudgha.
    71 | D        | Found a corrupted altar of Lugonu.
    72 | D        | Found a burning altar of Makhleb.
    73 | D        | Found a sparkling altar of Nemelex Xobeh.
    74 | D        | Found an iron altar of Okawaru.
    75 | D        | Found a stormy altar of Qazlal.
    76 | D        | Found a sacrificial altar of Ru.
    77 | D        | Found a deep blue altar of Sif Muna.
    78 | D        | Found a bloodstained altar of Trog.
    79 | D        | Found a hide-covered altar of Uskayaw.
    80 | D        | Became a worshipper of Makhleb the Destroyer
    81 | D        | Found a radiant altar of Vehumet.
    82 | D        | Found a shimmering altar of Xom.
    83 | D        | Found a basalt altar of Yredelemnul.
    84 | D        | Found a glowing silver altar of Zin.
    85 | D        | Found a glowing golden altar of the Shining One.
   131 | D        | Noticed a hill giant
   131 | D        | Noticed a komodo dragon
   131 | D        | Noticed an ice beast
   131 | D        | Noticed a hill giant
   131 | D        | Noticed a sky beast
   137 | D        | Mangled by a hill giant

Vault maps used:
D:        linesprint

Skill      XL: |  1  2 |
---------------+-------+-----
Fighting       | 3 |  3.8
Armour         | 4 |  4.4
Shields        | 4 |  4.4
Long Blades    | 3 |  3.1
Dodging        | |  0.4

Action                   || total
-------------------------++-------
Melee: Long sword        ||    53
       Scimitar          ||     4
  Use: Potion            ||     2
Armor: Scale mail        ||    26
       Chain mail        ||     1
Dodge: Dodged            ||    15
Block: Shield            ||    24
